 Dungeon Crawl Stone Soup version 0.31.0-12-g77e489cdc1 (webtiles) character file.

Game seed: 3608847056140310324

2808 H0rd4k the Martial Artist (level 9, 0/58 (61) HPs)
             Began as an Octopode Artificer on Mar 4, 2024.
             Slain by a wight
             ... wielding a +2 flail
              (16 damage)
             ... on level 8 of the Dungeon.
             The game lasted 00:09:20 (7785 turns).

H0rd4k the Martial Artist (Octopode Artificer)      Turns: 7785, Time: 00:09:21

HP:   0/58 (61)     AC:  3    Str: 11    XL:     9   Next: 72%
MP:   9/9           EV: 13    Int: 18    God:
Gold: 347           SH:  0    Dex: 12    Spells: 8/8 levels left

rFire   . .          .
                       - Unarmed
rCold   . . .        (no shield)
rNeg    . . .        t - +2 hat
rPois   .            (no amulet)
rElec   .            (no ring)
rCorr   .            (no ring)
SInv    .            (no ring)
Will    .....        (no ring)
Stlth   +++          (no ring)
HPRegen 0.29/turn    (no ring)
MPRegen 0.11/turn    (no ring)
                     (no ring)

%: no passive effects
@: lightly drained
A: almost no armour, amphibious, 8 rings, camouflage 1, gelatinous body 1,
(nimble swimmer 1), tentacles
a: no special abilities


You were on level 8 of the Dungeon.
You visited 2 branches of the dungeon, and saw 9 of its levels.
You also visited: Sewer.

You collected 412 gold pieces.
You spent 65 gold pieces at shops.

Inventory:

Hand Weapons
 m - a +2 falchion of holy wrath
 s - a +2 whip of electrocution
Missiles
 e - a throwing net
 j - 19 poisoned darts
 o - a curare-tipped dart
Armour
 t - a +2 hat (worn)
 v - an orb of guile
Magical Staves
 D - a staff of air
Jewellery
 w - a ring of fire
Talismans
 u - a flux talisman
 A - a blade talisman
Wands
 b - a wand of flame (18) (quivered)
 E - a wand of roots (6)
Scrolls
 a - 9 scrolls of identify
 d - a scroll of fog {unknown}
 h - a scroll of blinking {unknown}
 i - 5 scrolls of teleportation
 q - 3 scrolls of immolation {unknown}
 x - a scroll of enchant armour {unknown}
 y - a scroll of silence {unknown}
 z - 2 scrolls of revelation {unknown}
 B - a scroll of fear {unknown}
 C - a scroll of enchant weapon {unknown}
Potions
 c - a potion of attraction {unknown}
 f - 2 potions of enlightenment
 g - 5 potions of haste
 k - 2 potions of invisibility {unknown}
 l - a potion of degeneration {unknown}
 n - 2 potions of brilliance {unknown}
 p - a potion of heal wounds {unknown}
 r - a potion of resistance {unknown}


   Skills:
 + Level 5.4 Fighting
 - Level 2.3 Dodging
 - Level 1.3 Stealth
 + Level 11.8 Unarmed Combat
 - Level 3.2 Evocations


You had 8 spell levels left.
You didn't know any spells.
Your spell library contained the following spells:

 Spells                   Type           Power      Damage    Failure   Level
 Kiss of Death            Conj/Necr      0%         2d5       22%         1
 Magic Dart               Conj           0%         1d3       22%         1
 Sting                    Conj/Alch      0%         1d3       22%         1
 Cigotuvi's Dreadful Rot  Necr/Alch/Air  0%         N/A       32%         2
 Ensorcelled Hibernation  Hex/Ice        0%         N/A       32%         2
 Mercury Vapours          Alch/Air       0%         N/A       32%         2
 Searing Ray              Conj           0%         2d4       32%         2
 Sublimation of Blood     Necr           0%         N/A       32%         2
 Confusing Touch          Hex            0%         N/A       54%         3
 Fugue of the Fallen      Necr           0%         N/A       54%         3
 Ozocubu's Armour         Ice            0%         N/A       54%         3
 Anguish                  Hex/Necr       0%         N/A       91%         4
 Animate Dead             Necr           0%         N/A       91%         4
 Dispel Undead            Necr           0%         3d6       91%         4
 Fulminant Prism          Conj/Alch      0%         3d5       91%         4
 Manifold Assault         Tloc           0%         N/A       91%         4
 Martyr's Knell           Necr/Summ      0%         N/A       91%         4
 Olgreb's Toxic Radiance  Alch           0%         N/A       91%         4
 Petrify                  Alch/Erth      0%         N/A       91%         4
 Borgnjor's Vile Clutch   Necr/Erth      0%         N/A       99%         5
 Irradiate                Conj/Alch      0%         3d11      99%         5
 Death Channel            Necr           0%         N/A       100%        6
 Haunt                    Necr/Summ      0%         N/A       100%        7
 Borgnjor's Revivificati  Necr           0%         N/A       100%        8
 Death's Door             Necr           0%         N/A       100%        9


Dungeon Overview and Level Annotations

Branches:
Dungeon (8/15)             Temple (1/1) D:5           Sewer (visited)
   Lair: D:8-11

Altars:
Ashenzari
Cheibriados
Dithmenos
Elyvilon
Fedhas
Hepliaklqana
Kikubaaqudgha
Makhleb
Okawaru
Qazlal
Ru
Trog
Uskayaw
Vehumet
Wu Jian
Xom
Yredelemnul
Zin
The Shining One

Shops:
D:1 ?   D:5 *   D:6 ::

Annotations:
D:3 2 transporters
D:4 1 exclusion
D:5 1 runed translucent door, exclusions: door and 1 more exclusion, Crazy Yiuf
D:7 exclusion: downstairs, Maggie
Temple 2 transporters


Innate Abilities, Weirdness & Mutations

You cannot wear most types of armour.
You are amphibious.
You can wear up to eight rings at the same time.
Your skin changes colour to match your surroundings (Stealth+).
Your rubbery body absorbs attacks. (AC +1, EV +1)
((You are camouflaged when in or above water. (Stealth+)))
You have tentacles for arms and can constrict up to eight enemies at once.


Message History

a +0 battleaxe; a +0 robe 2 wights come into view.
The wight barely misses you.
There are monsters nearby!
Things that are here:
a +0 battleaxe; a +0 robe The wight attacks as it pursues you!
The wight closely misses you. The wight barely misses you.
You tentacle-slap the wight. You grab the wight.
The wight is moderately damaged.
You constrict the wight, but do no damage.
The wight closely misses you.
You bludgeon the wight!
You destroy the wight!
Items here: )) [[.
Items here: )) [[.
The wight closely misses you.
You tentacle-slap the wight. You grab the wight.
The wight is lightly damaged.
You constrict the wight, but do no damage.
The wight hits you with a +2 flail.
You tentacle-slap the wight but do no damage.
The wight is lightly damaged.
You constrict the wight, but do no damage.
The wight hits you with a +2 flail!
You feel drained.
You tentacle-slap the wight but do no damage.
The wight is lightly damaged.
You constrict the wight. The wight hits you with a +2 flail!
You tentacle-slap the wight but do no damage.
The wight is lightly damaged.
You constrict the wight. You completely miss the wight.
You squeeze the wight, but do no damage.
The wight is moderately damaged.
You constrict the wight. The wight hits you with a +2 flail!
You feel drained.
* * * LOW HITPOINT WARNING * * *
You tentacle-slap the wight but do no damage.
The wight is moderately damaged.
You constrict the wight. The wight hits you with a +2 flail!
You die...

##### ##...##
##.....##
###########.......#
##...@z............#
#)#######..........#
#.....##.....>....##
#.###.............##
###....###.........#
#..######..z......#
#####..>..<.......#
#####............##
##..##...........##


You could see a wight.

Vanquished Creatures
  Jeremiah (D:6)
  Prince Ribbit (D:6)
  Grinder (D:5)
  Menkaure (D:5)
  Duvessa (D:6)
  A water moccasin (D:7)
  An orc warrior (D:7)
  An ice beast (D:5)
  A sky beast (D:6)
  2 black bears
  A centaur (D:6)
  A phantom (D:6)
  2 kobold brigands
  2 scorpions (D:4)
  2 wights (D:8)
  Dowan (D:6)
  2 hounds
  5 jellies
  3 orc priests
  2 sleepcaps
  An iguana (D:6)
  3 orc wizards
  2 gnolls (D:7)
  8 adders
  2 white imps
  4 ufetubi
  A dart slug (D:3)
  2 ribbon worms (D:3)
  17 orcs
  7 ball pythons
  5 bats
  7 endoplasms
  A giant cockroach (D:5)
  12 goblins
  6 hobgoblins
  3 jackals (D:3)
  25 kobolds
  2 quokkas (D:1)
  7 frilled lizards
  4 rats
151 creatures vanquished.

Vanquished Creatures (collateral kills)
  Edmund (D:6)
  A phantom (D:6)
  An iguana (D:6)
  A dart slug (D:4)
  An orc (D:3)
  A goblin (D:4)
  A kobold (D:3)
7 creatures vanquished.

Vanquished Creatures (others)
  A scorpion (D:5)
  An iguana (D:4)
  An orc wizard (D:4)
  A ball python (D:1)
4 creatures vanquished.

Grand Total: 162 creatures vanquished

Notes
Turn   | Place    | Note
-------+----------+-------------------------------------------
     0 | D:1      | H0rd4k the Octopode Artificer began the quest for the Orb.
     0 | D:1      | Reached XP level 1. HP: 13/13 MP: 1/1
   178 | D:1      | Found Kailasao's Magic Scroll Shoppe.
   224 | D:1      | Reached skill level 1 in Unarmed Combat
   226 | D:1      | Reached XP level 2. HP: 16/18 MP: 2/2
   643 | D:1      | Reached skill level 2 in Unarmed Combat
   879 | D:2      | Reached XP level 3. HP: 16/23 MP: 3/3
  1706 | D:3      | Reached skill level 3 in Unarmed Combat
  1706 | D:3      | Reached XP level 4. HP: 22/29 MP: 4/4
  1933 | D:3      | Reached skill level 4 in Unarmed Combat
  2028 | D:3      | Reached XP level 5. HP: 28/34 MP: 5/5
  2147 | D:3      | Found a transporter.
  2164 | D:3      | Found a transporter.
  2714 | D:4      | Reached skill level 5 in Unarmed Combat
  2714 | D:4      | Found a glowing drain.
  2813 | Sewer    | Entered a sewer
  2910 | Sewer    | Reached XP level 6. HP: 36/39 MP: 6/6
  3323 | D:4      | HP: 2/41 [orc priest/divine providence (11)]
  3390 | D:4      | Reached skill level 6 in Unarmed Combat
  3628 | D:4      | Found a basalt altar of Yredelemnul.
  3628 | D:4      | Found a white marble altar of Elyvilon.
  3628 | D:4      | Found a shimmering altar of Xom.
  3628 | D:4      | Found an ancient bone altar of Kikubaaqudgha.
  3628 | D:4      | Found a stormy altar of Qazlal.
  3628 | D:4      | Found a blossoming altar of Fedhas.
  3779 | D:4      | Reached XP level 7. HP: 19/45 MP: 7/7
  4235 | D:5      | Entered Level 5 of the Dungeon
  4235 | D:5      | Noticed Grinder
  4241 | D:5      | Killed Grinder
  4242 | D:5      | Reached skill level 7 in Unarmed Combat
  4256 | D:5      | Found a staircase to the Ecumenical Temple.
  4278 | Temple   | Found a transporter.
  4278 | Temple   | Found a transporter.
  4278 | Temple   | Found a transporter.
  4278 | Temple   | Found a transporter.
  4278 | Temple   | Entered the Ecumenical Temple
  4649 | D:5      | Found an iron altar of Okawaru.
  4649 | D:5      | Noticed Menkaure
  4666 | D:5      | Killed Menkaure
  4667 | D:5      | Reached skill level 8 in Unarmed Combat
  4667 | D:5      | Reached XP level 8. HP: 25/53 MP: 8/8
  4925 | D:5      | Found Ymoipseo's General Store.
  5134 | D:5      | Found a runed translucent door.
  5135 | D:5      | Noticed Crazy Yiuf
  5497 | D:5      | Bought a scroll of teleportation for 39 gold pieces
  5497 | D:5      | Bought a scroll of identify for 26 gold pieces
  5513 | D:6      | Noticed Prince Ribbit
  5520 | D:6      | Noticed Edmund
  5535 | D:6      | Killed Edmund
  5536 | D:6      | Reached skill level 9 in Unarmed Combat
  5546 | D:6      | Found Ehuedy's Tremendous Tomes.
  5638 | D:6      | Killed Prince Ribbit
  5828 | D:6      | Found Uceraoj's Book Boutique.
  5861 | D:6      | Reached skill level 10 in Unarmed Combat
  5861 | D:6      | Reached XP level 9. HP: 11/59 MP: 9/9
  6132 | D:6      | Noticed Duvessa
  6132 | D:6      | Noticed Dowan
  6134 | D:6      | Killed Dowan
  6136 | D:6      | Killed Duvessa
  6361 | D:6      | Found an ornate altar of the Wu Jian Council.
  6428 | D:6      | Noticed Jeremiah
  6432 | D:6      | Killed Jeremiah
  6433 | D:6      | Reached skill level 5 in Fighting
  6433 | D:6      | Reached skill level 11 in Unarmed Combat
  6518 | D:6      | Found a broken altar of Ashenzari.
  7250 | D:7      | Noticed Maggie
  7315 | D:7      | Found a radiant altar of Vehumet.
  7785 | D:8      | Slain by a wight

Illustrated notes

Levels and vault maps discovered:
D:1:      arrival_zaba_pyramid, layout_loops_ring, serial_shops, shop
D:2:      layout_basic
D:3:      gammafunk_wand_slinger, layout_basic
D:4:      cheibrodos_fertilizer, layout_cave_pools, portal_sewer_entry_d,
          serial_bayou_ford_a
D:5:      layout_basic, okawaru_trees_1, minmay_temple_entry_glass,
          serial_shops, shop, chequers_serial_rivers_large_b, uniq_grinder,
          uniq_menkaure, uniq_crazy_yiuf_cottage
D:6:      nicolae_cairo_tiling_large_dashed, layout_rooms,
          nicolae_overflow_crystal_walls, mainiacjoe_overflow_alcove_1,
          nicolae_shop_i_like_big_books, minmay_door_square,
          kennysheep_windowed_goal, uniq_prince_ribbit1, uniq_edmund,
          uniq_duvessa, uniq_jeremiah
D:7:      layout_gridville, nicolae_vehumet_radiance,
          chequers_serial_rivers_micro_a, uniq_maggie
D:8:      kennysheep_six_static_rooms, layout_rooms,
          grunt_temple_overflow_opulence, mainiacjoe_overflow_big_doors,
          serial_shops, shop_statue, uniq_amaemon
Temple:   hellmonk_temple_divided_pantheon

Skill      XL: |  1  2  3  4  5  6  7  8  9 |
---------------+----------------------------+-----
Unarmed Combat | 1 2 3 4 5 6 8 10 11 | 11.8
Fighting       | 2 3 4 5 |  5.4
Dodging        | |  2.3
Stealth        | |  1.3
Evocations     | |  3.2

Action                     |  1- 3 |  4- 6 |  7- 9 || total
---------------------------+-------+-------+-------++-------
  Melee: Unarmed           |    82 |   151 |   154 ||   387
         Constrict         |    20 |    31 |    26 ||    77
         Tentacles         |    12 |    34 |    40 ||    86
         Punch             |     1 |     4 |     8 ||    13
  Evoke: Wand              |     4 |     3 |    49 ||    56
    Use: Potion            |       |     3 |       ||     3
   Stab: Sleeping          |     8 |     7 |     4 ||    19
         Distracted        |       |       |     1 ||     1
 Armour: Skin              |    26 |    69 |   105 ||   200
  Dodge: Dodged            |    41 |    75 |    97 ||   213
